 Dungeon Crawl Stone Soup version 0.27.1 (webtiles) character file.

Game seed: 5795819485484182350

13 Descartes the Magician (level 2, 0/16 HPs)
             Began as a Deep Elf Wanderer on Sept 4, 2021.
             Slain by a quokka (4 damage)
             ... on level 1 of the Dungeon.
             The game lasted 00:01:29 (779 turns).

Descartes the Magician (Deep Elf Wanderer)           Turns: 779, Time: 00:01:30

Health: 0/16       AC:  5    Str:  9    XL:     2   Next: 24%
Magic:  7/8        EV: 10    Int: 17    God:
Gold:   50         SH:  0    Dex: 13    Spells: 6/7 levels left

rFire    . . .     SeeInvis .   a - +0 hand axe
rCold    . . .     Faith    .   (no shield)
rNeg     . . .     Spirit   .   b - +0 ring mail
rPois    .         Reflect  .   (no helmet)
rElec    .         Harm     .   (no cloak)
rCorr    .         Rampage  .   (no gloves)
Will     .....                  (no boots)
Stlth    +.........             (no amulet)
HPRegen  0.05/turn              (no ring)
MPRegen  0.11/turn              (no ring)

@: very slightly contaminated
A: no striking features
a: no special abilities


You were on level 1 of the Dungeon.
You visited 1 branch of the dungeon, and saw 1 of its levels.

You collected 50 gold pieces.

Inventory:

Hand Weapons
 a - a +0 hand axe (weapon)
Armour
 b - a +0 ring mail (worn)
Scrolls
 c - a scroll of vulnerability {unknown}
Potions
 d - a potion of flight {unknown}


   Skills:
 - Level 1.5 Fighting
 - Level 1.5 Axes
 - Level 1.0 Armour
 + Level 2.1 Dodging
 + Level 0.7 Stealth
 - Level 3.0 Spellcasting
 + Level 0.2 Conjurations
 - Level 1.0 Air Magic
 - Level 2.1 Evocations


You had 6 spell levels left.
You knew the following spells:

 Your Spells              Type           Power      Damage    Failure   Level
a - Magic Dart            Conj           12%        1d3       41%         1

Your spell library contained the following spells:

 Spells                   Type           Power      Damage    Failure   Level
 Blink                    Tloc           N/A        N/A       58%         2
 Call Imp                 Summ           2%         N/A       58%         2
 Slow                     Hex            2%         N/A       58%         2
 Mephitic Cloud           Conj/Pois/Air  4%         N/A       77%         3
 Conjure Flame            Conj/Fire      3%         6-21      80%         3


Dungeon Overview and Level Annotations

Branches:
Dungeon (1/15)

Altars:


Message History

You are too injured to fight recklessly!
You are too injured to fight recklessly!
You are too injured to fight recklessly!
You are too injured to fight recklessly!
You are too injured to fight recklessly!
You are too injured to fight recklessly!
You are too injured to fight recklessly!
You are too injured to fight recklessly!
You are too injured to fight recklessly!
You are too injured to fight recklessly!
You are too injured to fight recklessly!
You are too injured to fight recklessly!
You are too injured to fight recklessly!
You are too injured to fight recklessly!
You closely miss the quokka. The quokka barely misses you.
The quokka closely misses you.
You hit the quokka.
The quokka is moderately wounded.
The quokka barely misses you.
You completely miss the quokka.
The quokka is moderately wounded.
The quokka barely misses you. x2
You barely miss the quokka.
The quokka is moderately wounded.
The quokka closely misses you.
Casting: Magic Dart (safe; 41% risk of failure)
Confirm with . or Enter, or press ? or * to list all spells.
Aiming: Magic Dart (safe; 41% risk of failure)
Press: ? - help, Shift-Dir - straight line, f - quokka
Aim: a quokka (moderately wounded, 100% to hit)
You miscast Magic Dart.
You are very lightly contaminated with residual magic.
Nothing appears to happen.
The quokka bites you but does no damage.
You barely miss the quokka.
The quokka is moderately wounded.
The quokka bites you.
* * * LOW HITPOINT WARNING * * *
The quokka bites you.
You die...

###.###.....#
#.#.#.###
......#.....#
#........
####.#.......#
#........
...#.#.†.....#
#........
...#'#.#######
#........
><.#...#
#........
...#+#)#
#........
...'.#.# #r#
####.#.# #@#
#......#
####.#
####.###
#....# +.#
#.##### #+#
#.....#
######.....#
............#
............#
....####
............#
.......


You could see a quokka.

Vanquished Creatures
  2 ball pythons (D:1)
  3 endoplasms (D:1)
  2 giant cockroaches (D:1)
  A bat (D:1)
  A frilled lizard (D:1)
  A goblin (D:1)
  A kobold (D:1)
  2 rats (D:1)
13 creatures vanquished.

Notes
Turn   | Place    | Note
-------+----------+-------------------------------------------
     0 | D:1      | Descartes the Deep Elf Wanderer began the quest for the
                  | Orb.
     0 | D:1      | Descartes set off with the following items: a +0 hand axe,
                  | a +0 ring mail; and the following spell memorised: Magic
                  | Dart; and the following spells available to memorise:
                  | Blink, Call Imp, Slow, Mephitic Cloud, Conjure Flame
     0 | D:1      | Reached XP level 1. HP: 12/12 MP: 6/6
   187 | D:1      | Reached skill level 1 in Dodging
   529 | D:1      | Reached XP level 2. HP: 10/16 MP: 8/8
   779 | D:1      | Slain by a quokka

Illustrated notes

Levels and vault maps discovered:
D:1:      shiori_arrival_maze, layout_basic, ebering_ecumenical_altar_webs,
          st_stairs_3, corner_web_ring

Skill      XL: |  1  2 |
---------------+-------+-----
Dodging        | 1 2 |  2.1
Fighting       | |  1.5
Axes           | |  1.5
Armour         | |  1.0
Stealth        | |  0.7
Spellcasting   | |  3.0
Conjurations   | |  0.2
Air Magic      | |  1.0
Evocations     | |  2.1

Action                   || total
-------------------------++-------
Melee: Hand axe          ||    55
Armor: Ring mail         ||    21
Dodge: Dodged            ||    33
